cohdb
Replays
Latest Replays
All Replays
Popular Replays
Top Player Replays
Match Explorer
How It Works
Community
CoH3 Stats
Reddit
Sign in to upload your games and track your stats! →
Sign in with Steam
Match 43478638
Unlisted
Match 43478638
Overview
Messages
Build Orders
End
Construct Section Command Post
Infantry Section
Dingo Light Scout Car
Infantry Section
Grenade Package
Infantry Section
Selects Canadian Shock Battlegroup
Selects Attacking Spirit
Construct Platoon Command Post
6-pounder Anti-tank Gun Team
Selects Incendiary Munitions
Humber Armored Car
Selects Pyrotechnics
Vickers Machine Gun Team
Construct Company Command Post
Royal Engineer Section
Foot Guards Section
Matilda II Heavy Tank
Construct Field Infirmary
Infantry Training
janemba914
DarkBlaze
ttheadventure
colinmeier50
0
0
Comments
sign in to comment!
No comments posted yet!